 Dungeon Crawl Stone Soup version 0.32-a0-485-g70f7560b1c (webtiles) character file.

Game seed: 633503080594910405

61 gimp the Ruffian (level 4, 0/23 HPs)
             Began as a Vine Stalker Shapeshifter on Feb 26, 2024.
             Slain by a goblin
             ... wielding a +0 club
             ... led by Robin
              (2 damage)
             ... on level 3 of the Dungeon.
             The game lasted 00:02:29 (1728 turns).

gimp the Ruffian (Vine Stalker Shapeshifter)        Turns: 1728, Time: 00:02:29

Health: 0/23       AC:  2    Str: 17    XL:     4   Next: 7%
Magic:  0/5        EV: 12    Int: 10    God:
Gold:   170        SH:  0    Dex: 15    Spells: 3/3 levels left

rFire   . .          .
                       - Unarmed
rCold   . . .        (no shield)
rNeg    . . .        a - +0 animal skin
rPois   .            (helmet currently unavailable)
rElec   .            (cloak currently unavailable)
rCorr   .            (gloves currently unavailable)
SInv    .            (boots currently unavailable)
Will    .....        (no amulet)
Stlth   +            (no ring)
HPRegen 1.03/turn    (no ring)
MPRegen 0.09/turn

%: guardian spirit
@: beast-form
A: beast (slay +1), fangs 2, regeneration 1, magic shield, antimagic bite, no
potion heal 2
a: Begin Untransformation


You were on level 3 of the Dungeon.
You were a hulking beast.
You visited 1 branch of the dungeon, and saw 3 of its levels.

You collected 170 gold pieces.

Inventory:

Armour
 a - a +0 animal skin (worn)
 j - a scarf of shadows
 m - a +2 pair of boots
Jewellery
 f - an amulet of faith
Talismans
 c - a beast talisman (active)
 d - a flux talisman
Scrolls
 g - 2 scrolls of teleportation {unknown}
 h - a scroll of silence {unknown}
Potions
 b - a potion of lignification
 e - a potion of attraction {unknown}
 i - a potion of curing {unknown}
 k - a potion of enlightenment {unknown}
 l - a potion of magic {unknown}


   Skills:
 * Level 2.8 Fighting
 - Level 1.5 Dodging
 + Level 3.6 Unarmed Combat
 - Level 3.0 Shapeshifting


You had 3 spell levels left.
You didn't know any spells.
Your spell library was empty.

Dungeon Overview and Level Annotations

Branches:
Dungeon (3/15)

Altars:

Shops:
D:2 (

Annotations:
D:3 Robin


Innate Abilities, Weirdness & Mutations

You are a hulking beast.
Your limbs bulge with bestial killing power. (Slay +1)
You have extremely sharp teeth.
Your natural rate of healing is unusually fast.
When hurt, damage is shared between your health and your magic reserves.
Your bite disrupts and absorbs the magic of your enemies.
Potions cannot restore your health.


Message History

a +0 dagger; a goblin corpse You see here a +0 club.
HP restored.
Magic restored.
Done exploring.
Health restored: 23; MP restored: 5
There is an open door here.
There is a stone staircase leading down here.
You climb downwards.
Level annotation: Robin
Found a pair of glowing boots.
Found a stone staircase leading up.
There is a stone staircase leading up here.
m - a +2 pair of boots A ball python comes into view.
There is a stone staircase leading up here.
The ball python hisses angrily.
There is a stone staircase leading up here.
You completely miss the ball python. You punch the ball python.
You bite the ball python.
You kill the ball python!
No target in view!
No target in view!
The goblin shouts!
You hear a shout!
The hobgoblin shouts!
The goblin shouts!
You hear a shout!
The ball python hisses angrily.
Robin roars a battlecry!
The goblins go into a battle-frenzy!
The goblin shoots a sling bullet.
The sling bullet misses you. The goblin attacks as it pursues you!
The goblin hits you with a +0 club.
You take 2 damage, and have 21/23 hp.
Health restored: 23 The goblin attacks as it pursues you!
The goblin hits you with a +0 club.
You take 2 damage, and have 21/23 hp.
Robin laughs in a distinctly smug fashion.
Health restored: 23 The goblin attacks as it pursues you!
The goblin hits you but does no damage.
You closely miss the goblin. Your bite misses the goblin. You hit the goblin.
Your bite misses the goblin.
The goblin is heavily wounded.
The goblin hits you but does no damage. The goblin attacks as it pursues you!
The goblin hits you with a +0 club.
You take 1 damage, and have 22/23 hp.
You hit the goblin. You punch the goblin.
You kill the goblin!
Health restored: 23 You barely miss the goblin.
You bite the goblin.
You kill the goblin!
No target in view!
The goblin no longer looks unusually strong.
The goblin shoots a sling bullet.
The sling bullet hits you but does no damage.
The goblin shoots a sling bullet.
The sling bullet hits you. The sling bullet burns you.
You take 4 damage, and have 19/23 hp.
You now have 4/5 mp.
There is a stone staircase leading up here.
The goblin shoots a sling bullet.
The sling bullet closely misses you.
Health restored: 23 The goblin shoots a sling bullet.
The sling bullet hits you. The sling bullet burns you.
There is a stone staircase leading up, spattered with blood here.
You take 5 damage, and have 18/23 hp.
MASSIVE DAMAGE!!
The goblin unwields a +0 sling of flaming.
It stops flaming.
The goblin wields a +0 dagger.
The goblin hits you but does no damage.
You completely miss the goblin.
Robin roars a battlecry!
The goblins go into a battle-frenzy!
You hear a shout!
You hit the hobgoblin but do no damage. You bite the hobgoblin.
You drain its power.
You feel invigorated.
The hobgoblin is lightly wounded.
The goblin hits you with a +0 dagger. The hobgoblin hits you.
The goblin misses you.
You take 6 damage, and have 14/23 hp.
MASSIVE DAMAGE!!
You now have 3/5 mp.
You hit the hobgoblin but do no damage.
The hobgoblin is lightly wounded.
The goblin closely misses you. The goblin barely misses you.
The hobgoblin misses you.
You hit the hobgoblin but do no damage.
The hobgoblin is lightly wounded.
The goblin hits you with a +0 dagger. The hobgoblin completely misses you.
The goblin hits you with a +0 club.
You take 7 damage, and have 8/23 hp.
MASSIVE DAMAGE!!
You now have 2/5 mp.
You completely miss the hobgoblin.
The hobgoblin is lightly wounded.
The goblin closely misses you. The hobgoblin barely misses you.
The goblin hits you with a +0 club.
You now have 1/5 mp.
Unknown command.
The goblin unwields a +0 dagger.
The goblin wields a +0 sling of flaming.
It bursts into flame!
The goblin shoots a sling bullet.
The sling bullet hits you.
* * * LOW HITPOINT WARNING * * *
The sling bullet burns you.
* * * LOW HITPOINT WARNING * * *
The hobgoblin hits you but does no damage.
You take 7 damage, and have 1/23 hp.
MASSIVE DAMAGE!!
The goblin attacks as it pursues you! The goblin hits you with a +0 club.
You die...

#### .. ...# ###..# #
#..###....## ##.##
#.......... .....######h#
#.......g## # ###..<.g.g#
#
###.###.#####g#######.###
........# #gg..........
.........########)......#
........g.g.ggg.....#####
...$.g.gS#########.##
.....g...# #.#


You could see Robin, 2 hobgoblins and 3 goblins.

Vanquished Creatures
  7 ball pythons
  7 bats
  6 endoplasms
  3 giant cockroaches
  11 goblins
  3 hobgoblins (D:1)
  5 jackals
  6 frilled lizards
  5 kobolds
  2 rats
55 creatures vanquished.

Notes
Turn   | Place    | Note
-------+----------+-------------------------------------------
     0 | D:1      | gimp the Vine Stalker Shapeshifter began the quest for the
                  | Orb.
     0 | D:1      | Reached XP level 1. HP: 9/9 MP: 2/2
    25 | D:1      | Reached skill level 1 in Fighting
   164 | D:1      | Reached XP level 2. HP: 14/14 MP: 3/3
   476 | D:1      | Reached XP level 3. HP: 18/18 MP: 4/4
  1296 | D:2      | Found Nenases's Weapon Shop.
  1599 | D:3      | Noticed Robin
  1611 | D:2      | Reached XP level 4. HP: 4/23 MP: 0/5
  1727 | D:3      | HP: 1/23 [goblin/sling bullet[Robin] (3)]
  1728 | D:3      | Slain by a goblin

Illustrated notes

Levels and vault maps discovered:
D:1:      minmay_arrival_jagged, layout_loops_ring, serial_bayou_pond_b,
          dreamdust_wishing_well, minmay_misc_feat_tower
D:2:      layout_loops_corners, serial_shops, nicolae_shop_real_fake_doors
D:3:      layout_rooms, uniq_robin

Skill      XL: |  1  2 |
---------------+-------+-----
Fighting       | 1 2 |  2.8
Dodging        | |  1.5
Unarmed Combat | |  3.6
Shapeshifting  | |  3.0

Action                     |  1- 3 |  4- 6 || total
---------------------------+-------+-------++-------
  Melee: Unarmed           |   115 |    10 ||   125
         Bite              |    22 |     3 ||    25
         Punch             |     1 |     2 ||     3
   Stab: Sleeping          |     3 |       ||     3
 Armour: Animal skin       |    58 |    17 ||    75
  Dodge: Dodged            |    68 |     9 ||    77

Table legend: (Time is in decaauts)
 A = Elapsed time spent in this place.
 B = Non-inter-level travel time spent in this place.
 C = Inter-level travel time spent in this place.
 D = Time resting spent in this place.
 E = Time spent auto-exploring this place.
 F = Levels seen in this place.
 G = Mean time per level.
                   A        B        C        D        E       F      G
               +--------+--------+--------+--------+--------+-----+--------+
         Total |   1719 |   1590 |    129 |      0 |   1243 |   3 |  573.0 |
       Dungeon |   1719 |   1590 |    129 |      0 |   1243 |   3 |  573.0 |
               +--------+--------+--------+--------+--------+-----+--------+

Top non-repeatable levels by time:
     D:2: 882 daAuts
     D:1: 777 daAuts
     D:3: 59 daAuts
